 Dungeon Crawl Stone Soup version 0.29.1-2-gbd0b4ee654 (webtiles) character file.

Game seed: 3430922167184181889

54 H0rd4k the Insei (level 3, -9/23 HPs)
             Began as an Octopode Transmuter on Oct 24, 2022.
             Mangled by Sigmund
             ... wielding a +0 scythe
              (13 damage)
             ... on level 2 of the Dungeon.
             The game lasted 00:01:18 (1460 turns).

H0rd4k the Insei (Octopode Transmuter)              Turns: 1460, Time: 00:01:18

Health: -9/23      AC:  1    Str: 15    XL:     3   Next: 91%
Magic:  5/6        EV: 13    Int: 17    God:
Gold:   91         SH:  0    Dex: 12    Spells: 5/6 levels left

rFire   . . .      SeeInvis .     - Unarmed
rCold   . . .      Faith    .   (no shield)
rNeg    . . .      Spirit   .   (helmet currently unavailable)
rPois   .          Reflect  .   (no amulet)
rElec   .          Harm     .   c - +6 ring of strength
rCorr   .          Rampage  .   (no ring)
Will    .....                   (no ring)
Stlth   ++........              (no ring)
HPRegen 0.07/turn               (no ring)
MPRegen 0.10/turn               (no ring)
                                (no ring)
                                (no ring)

@: appendages
A: tentacle spike 3, almost no armour, amphibious, 8 rings, camouflage 1,
gelatinous body 1, (nimble swimmer 1), tentacles
a: End Transformation


You were on level 2 of the Dungeon.
One of your tentacles had grown a beastly spike.
You visited 1 branch of the dungeon, and saw 2 of its levels.

You collected 91 gold pieces.

Inventory:

Missiles
 e - 11 poisoned darts (quivered)
Jewellery
 c - a +6 ring of strength (left tentacle)
Scrolls
 b - 2 scrolls of identify {unknown}
 f - 2 scrolls of enchant weapon {unknown}
 g - a scroll of fog {unknown}
Potions
 a - a potion of lignification
 d - a potion of curing {unknown}


   Skills:
 + Level 1.0 Fighting
 + Level 2.3 Dodging
 + Level 4.1 Unarmed Combat
 + Level 2.3 Spellcasting
 + Level 2.2 Transmutations


You had 5 spell levels left.
You knew the following spells:

 Your Spells              Type           Power      Damage    Failure   Level
a - Beastly Appendage     Tmut           18%        N/A       8%          1

Your spell library contained the following spells:

 Spells                   Type           Power      Damage    Failure   Level
 Wereblood                Tmut           9%         N/A       12%         2
 Necrotise                Necr           4%         1d4       19%         1
 Spider Form              Tmut/Pois      5%         N/A       34%         3
 Vampiric Draining        Necr           1%         2d6       50%         3
 Ice Form                 Ice/Tmut       5%         N/A       75%         4
 Agony                    Necr           1%         N/A       99%         5


Dungeon Overview and Level Annotations

Branches:
Dungeon (2/15)

Altars:

Annotations:
D:2 Sigmund


Innate Abilities, Weirdness & Mutations

One of your tentacles has grown a beastly spike.
You cannot wear most types of armour.
You are amphibious.
You can wear up to eight rings at the same time.
Your skin changes colour to match your surroundings (Stealth+).
Your rubbery body absorbs attacks. (AC +1, EV +1)
((You are camouflaged when in or above water. (Stealth+)))
You have tentacles for arms and can constrict up to eight enemies at once.


Message History

You see here 4 stones.
You see here 4 stones.
You open the door.
There is an open door here.
You now have 80 gold pieces (gained 2).
You open the door.
There is an open door here.
You now have 91 gold pieces (gained 11).
A hobgoblin comes into view.
A hobgoblin is nearby!
A hobgoblin is nearby!
A hobgoblin is nearby!
A hobgoblin is nearby!
The hobgoblin shouts!
You hear a shout!
You tentacle-slap the hobgoblin. You grab the hobgoblin.
The hobgoblin is moderately wounded.
You constrict the hobgoblin.
Sigmund the Dreaded comes into view.
He is wielding a +0 scythe.
The hobgoblin barely misses you.
You tentacle-slap the hobgoblin but do no damage.
You tentacle-slap the hobgoblin.
You kill the hobgoblin!
Sigmund gestures at you while chanting. The magic dart hits you!
Sigmund closely misses you.
Sigmund is nearby!
Sigmund is nearby!
Sigmund is nearby!
Casting: Beastly Appendage (safe; 8% risk of failure)
Confirm with . or Enter, or press ? or * to list all spells.
One of your tentacles grows a vicious spike.
Sigmund gestures wildly while chanting.
Sigmund flickers and vanishes!
Deactivating autopickup; reactivate with Ctrl-A.
You miss something.
You pierce something.
Something hits you!
* * * LOW HITPOINT WARNING * * *
You tentacle-slap something.
Your tentacle spike misses something.
You squeeze something. Something hits you!
Ouch! That really hurt!
You die...

#............######'
#######.####.#≈....#
#_# #.#≈....# #.#
#.#≈....# ### #.#
#.#≈≈≈≈≈# .... #.#
#.'###### .... #.#
#.## #..#####.####.#
#..{@.........#
#........######
##########


There were no monsters in sight!

Vanquished Creatures
  A gnoll (D:1)
  An adder (D:2)
  A dart slug (D:1)
  5 bats
  2 endoplasms (D:1)
  3 goblins
  3 hobgoblins
  A quokka (D:1)
  4 ball pythons
  3 frilled lizards
  7 kobolds
  3 rats (D:1)
34 creatures vanquished.

Notes
Turn   | Place    | Note
-------+----------+-------------------------------------------
     0 | D:1      | H0rd4k the Octopode Transmuter began the quest for the Orb.
     0 | D:1      | Reached XP level 1. HP: 13/13 MP: 3/3
    30 | D:1      | Reached XP level 2. HP: 18/18 MP: 3/5
   467 | D:1      | Reached XP level 3. HP: 23/23 MP: 6/6
  1085 | D:2      | Reached skill level 4 in Unarmed Combat
  1381 | D:2      | Found a faded altar of an unknown god.
  1453 | D:2      | Noticed Sigmund
  1460 | D:2      | Mangled by Sigmund

Illustrated notes

Levels and vault maps discovered:
D:1:      lightli_arrival_flooded_house, layout_basic, grunt_decor_cap
D:2:      layout_loops_ring, serial_shops, shop, basic_ecumenical_altar,
          corexii_corridor_pit, chequers_jeans, chequers_serial_rivers_room_a,
          uniq_sigmund

Skill      XL: |  1  2  3 |
---------------+----------+-----
Unarmed Combat | 4 |  4.1
Fighting       | |  1.0
Dodging        | |  2.3
Spellcasting   | |  2.3
Transmutations | |  2.2

Action                   || total
-------------------------++-------
Melee: Unarmed           ||    68
       Constrict         ||    19
       Tentacles         ||    14
       Kick              ||     3
       Punch             ||     1
 Cast: Beastly Appendage ||     3
 Stab: Sleeping          ||     3
Armor: Skin              ||     7
Dodge: Dodged            ||    28
